 Dungeon Crawl Stone Soup version 0.18-a0-1243-g9e52518 (webtiles) character file.

117 namelastname112 the Cudgeler (level 4, -4/57 HPs)
             Began as a Draconian Gladiator on Feb 5, 2016.
             Killed by divine providence
             ... invoked by an orc priest
              (14 damage)
             ... on level 3 of the Dungeon.
             The game lasted 00:02:19 (1908 turns).

namelastname112 the Cudgeler (Draconian Gladiator)  Turns: 1908, Time: 00:02:20

Health: -4/57      AC: 22    Str: 17    XL:     4   Next: 71%
Magic:  4/4        EV:  2    Int:  8    God:
Gold:   105        SH:  0    Dex: 13    Spells: 0 memorised, 3 levels left

rFire  . . .     SeeInvis .     f - +1 mace (holy)
rCold  . . .     Gourm    .     (armour unavailable)
rNeg   + + +     Faith    .     (no shield)
rPois  +         Spirit   .     (helmet currently unavailable)
rElec  .         Dismiss  .     (cloak currently unavailable)
rCorr  .         Reflect  .     (gloves currently unavailable)
SustAt .         Harm     .     (boots currently unavailable)
MR     .....     NoTele   +     (no amulet)
Stlth  +.........               (no ring)
                                (no ring)

@: tree-form, not resistant to hostile enchantments, very unstealthy
A: unfitting armour, (cold-blooded), AC +5
a: no special abilities


You were on level 3 of the Dungeon.
You were not hungry.
You were a tree.
You visited 1 branch of the dungeon, and saw 3 of its levels.

You collected 105 gold pieces.

Inventory:

Hand Weapons
 f - a +1 mace of holy wrath (weapon)
Missiles
 c - 3 throwing nets (quivered)
 t - 4 curare-tipped needles
Armour
 b - a +0 hat (melded)
 p - a +0 pair of gloves (melded)
Scrolls
 a - 2 scrolls of identify {unknown}
 e - a scroll of remove curse {unknown}
 g - a scroll of amnesia {unknown}
 j - a scroll of fog {unknown}
 k - 2 scrolls of teleportation {unknown}
 m - a scroll of noise {unknown}
 q - a scroll of enchant weapon {unknown}
 s - a scroll of random uselessness {unknown}
Potions
 h - 2 potions of curing {unknown}
 i - 2 potions of lignification
 l - a potion of flight {unknown}
 u - a potion of heal wounds {unknown}
 v - a potion of cancellation {unknown}
Comestibles
 d - a bread ration
 n - a beef jerky
 o - 5 fruits
 r - a meat ration


   Skills:
 + Level 3.3 Fighting
 * Level 3.8 Maces & Flails
 + Level 2.6 Throwing
 + Level 3.3 Dodging


You had 3 spell levels left.
You didn't know any spells.

Dungeon Overview and Level Annotations

Branches:
Dungeon (3/15)

Altars:
Makhleb


Innate Abilities, Weirdness & Mutations

((Your plain brown scales are hard (AC +5).))
Your body does not fit into most forms of armour.
((You are cold-blooded and may be slowed by cold attacks.))


Message History

Pain shoots through your body!
The orc wizard gestures at you while chanting.
The magic dart hits you!
You closely miss the orc priest.
Your tail-slap misses the orc priest.
The orc priest is severely wounded.
The orc priest miscasts a cantrip.
The orc wizard casts a spell at you. You resist with some effort.
The orc priest mumbles some strange prayers to Beogh against you.
Something smites you!
* * * LOW HITPOINT WARNING * * *
Drink which item? (? for menu, Esc to quit)
It was a potion of lignification.
You turn into a tree.
Your +0 hat melds into your body.
Your +0 pair of gloves melds into your body.
Your roots penetrate the ground.
The orc wizard hits you but does no damage.
The orc priest mumbles some strange prayers to Beogh against you.
Something smites you!
You die...

##
############
..
#..o♣ooo(...
###.
#.##########
.... #.# #.
#.# #. #.# #.
#.# #. #.# #
#.
#.###########
#.###.
#............
......


You could see an orc priest, an orc wizard and 2 orcs.

Vanquished Creatures
  A hound (D:2)
  Ijyb (D:3)
  3 adders
  An ooze (D:1)
  A worm (D:2)
  2 giant geckos
  An orc (D:3)
  5 bats (D:1)
  2 giant cockroaches
  2 goblins
  4 hobgoblins
  2 ball pythons
  A giant newt (D:1)
  2 kobolds
  2 rats
30 creatures vanquished.

Notes
Turn   | Place    | Note
--------------------------------------------------------------
     0 | D:1      | namelastname112 the Draconian Gladiator began the quest for the Orb.
     0 | D:1      | Reached XP level 1. HP: 17/17 MP: 1/1
   117 | D:1      | Reached XP level 2. HP: 22/25 MP: 2/2
   748 | D:2      | Reached XP level 3. HP: 25/30 MP: 3/3
  1686 | D:2      | Found a burning altar of Makhleb.
  1691 | D:2      | Reached XP level 4. HP: 35/38 MP: 4/4
  1845 | D:3      | Noticed Ijyb
  1858 | D:3      | Killed Ijyb
  1908 | D:3      | Killed from afar by an orc priest

Vault maps used:
D:1:      dpeg_arrival_tiny_c, minmay_misc_feat_tower
D:2:      makhleb_blood_cavern_becter, minmay_misc_feat_rows,
          kennysheep_generic_room_14
D:3:      uniq_iyjb

Action                   |  1- 3 |  4- 6 || total
-------------------------+-------+-------++-------
Melee: Mace              |    76 |    25 ||   101
       Flail             |     7 |       ||     7
  Use: Potion            |       |     1 ||     1
 Stab: Sleeping          |     1 |     2 ||     3
  Eat: Chunk             |     2 |     1 ||     3
